 Dungeon Crawl Stone Soup version 0.21-a0-507-ga8f6b7a (webtiles) character file.

16198 wvc the Nimble (level 12, -12/94 HPs)
             Began as a Gnoll Wanderer on Nov 27, 2017.
             Was the Champion of Okawaru.
             Engulfed by a cloud of flame (26 damage)
             ... in a volcano.
             The game lasted 00:35:13 (14555 turns).

wvc the Nimble (Gnoll Wanderer)                    Turns: 14555, Time: 00:35:14

Health: -12/94     AC:  8    Str: 17    XL:     12   Next: 35%
Magic:  22/22      EV: 15    Int: 29    God:    Okawaru [******]
Gold:   686        SH: 19    Dex: 26    Spells: 16/25 levels left

rFire    . . .     SeeInvis .   a - +4 scimitar (flame)
rCold    + . .     Gourm    .   T - +3 large shield "Bozar" {rElec rC+ Int+3}
rNeg     . . .     Faith    +   J - +0 ring mail of Daisies {Int+3 Dex+4}
rPois    .         Spirit   .   (helmet restricted)
rElec    +         Reflect  .   (no cloak)
rCorr    .         Harm     .   (no gloves)
MR       .....                  e - +1 pair of boots
Stlth    ++++......             m - amulet of faith
HPRegen  0.25/turn              N - +6 ring of intelligence
MPRegen  0.18/turn              x - +5 ring of dexterity

@: no status effects
A: distributed training, fangs 1, horns 1, strong 1, wild magic 1, strong nose
a: Heroism, Finesse, Renounce Religion


You were in a volcano.
You worshipped Okawaru.
Okawaru was exalted by your worship.
You were hungry.

You visited 2 branches of the dungeon, and saw 13 of its levels.
You also visited: Volcano.

You collected 686 gold pieces.

Inventory:

Hand Weapons
 a - a +4 scimitar of flaming (weapon)
 v - a +0 blowgun
 R - a +1 quarterstaff of protection
Missiles
 k - 21 javelins
 r - 82 poisoned needles
 I - a throwing net
 M - 8 javelins of penetration
 S - 3 poisoned javelins (quivered)
Armour
 e - a +1 pair of boots (worn)
 J - the +0 ring mail of Daisies (worn) {Int+3 Dex+4}
   (You found it on level 9 of the Dungeon)

   It affects your intelligence (+3).
   It affects your dexterity (+4).
 T - the +3 large shield "Bozar" (worn) {rElec rC+ Int+3}
   (Okawaru gifted it to you on level 1 of the Lair of Beasts)

   It affects your intelligence (+3).
   It protects you from cold.
   It insulates you from electricity.
Jewellery
 c - a +3 amulet of reflection {unknown}
 h - an uncursed ring of protection from magic
 m - an amulet of faith (around neck)
 x - a +5 ring of dexterity (right hand)
 N - a +6 ring of intelligence (left hand)
 U - an uncursed ring of teleportation
Wands
 y - a wand of digging (18)
 A - a wand of scattershot (7)
 B - a wand of iceblast (6)
 G - a wand of enslavement (25)
 O - a wand of flame (25)
Scrolls
 l - 4 scrolls of magic mapping
 p - a scroll of enchant armour
 s - a scroll of immolation
 u - 3 scrolls of amnesia
 C - a scroll of fear
 D - 2 scrolls of fog
 F - 6 scrolls of identify
 H - 3 scrolls of remove curse
 P - 2 scrolls of teleportation
Potions
 d - a potion of resistance
 g - a potion of ambrosia
 i - 6 potions of brilliance
 j - a potion of haste
 n - 2 potions of curing
 o - a potion of invisibility
 q - a potion of magic
 t - a potion of cancellation
 w - a potion of lignification
 z - a potion of berserk rage
 E - a potion of heal wounds
 K - 4 potions of flight
 L - 2 potions of agility
Comestibles
 b - 4 meat rations
 f - 2 bread rations
 Q - a chunk of flesh


   Skills:
 + Level 8.5 Fighting
 + Level 7.1 Short Blades
 + Level 8.5 Long Blades
 + Level 7.1 Axes
 + Level 7.1 Maces & Flails
 + Level 7.1 Polearms
 + Level 8.5 Staves
 + Level 7.1 Slings
 + Level 7.1 Bows
 + Level 7.1 Crossbows
 + Level 7.6 Throwing
 + Level 7.1 Armour
 + Level 8.5 Dodging
 + Level 7.1 Stealth
 + Level 7.6 Shields
 + Level 7.1 Unarmed Combat
 + Level 7.1 Spellcasting
 + Level 5.9 Conjurations
 + Level 5.9 Hexes
 + Level 5.9 Charms
 + Level 5.9 Summonings
 + Level 5.9 Necromancy
 + Level 5.9 Translocations
 + Level 5.9 Transmutations
 + Level 5.9 Fire Magic
 + Level 5.9 Ice Magic
 + Level 5.9 Air Magic
 + Level 5.9 Earth Magic
 + Level 5.9 Poison Magic
 + Level 7.7 Invocations
 + Level 7.1 Evocations


You had 16 spell levels left.
You knew the following spells:

 Your Spells              Type           Power        Failure   Level  Hunger
a - Apportation           Tloc           ######       11%         1    None
b - Tukima's Dance        Hex            ######..     30%         3    None
c - Blink                 Tloc           N/A          16%         2    None
d - Conjure Flame         Conj/Fire      ######..     30%         3    None


Dungeon Overview and Level Annotations

Branches:
Dungeon (10/15)            Temple (0/1) D:6            Lair (3/6) D:9
 Spider (0/4) Lair:2
  Swamp: Lair:2-4    Shoals: Lair:2-4       Orc: D:9-12

Altars:
Ashenzari
Dithmenos
Elyvilon
Fedhas
Gozag
Nemelex Xobeh
Okawaru
Qazlal
Ru
Wu Jian
Xom
Yredelemnul
Zin

Shops:
D:10 =

Annotations:
D:4 Bazinga's ghost, amateur MiFi


Innate Abilities, Weirdness & Mutations

Your experience applies equally to all skills.
You have very sharp teeth.
Your uncanny sense of smell can sniff out nearby items.
You have a pair of small horns on your head.
Your muscles are strong. (Str +2)
Your spells are a little harder to cast, but a little more powerful.


Message History

Your bite misses the lava snake.
The lava snake is almost dead.
The lava snake completely misses you.
Your shield prevents you from hitting the lava snake.
You bite the lava snake.
You kill the lava snake!
Okawaru accepts your kill.
No target in view!
No target in view!
A fire bat comes into view.
A lava snake comes into view.
The volcano roars to life, belching forth lava!
You are engulfed in blazing flames.
You are engulfed in blazing flames.
You are feeling hungry.
You are engulfed in blazing flames.
* * * LOW HITPOINT WARNING * * *
You block the fire bat's attack.
You are engulfed in blazing flames.
You die...

§≈§§.... §§..§ ...
§§§≈≈≈§≈≈§≈§≈≈.≈§§≈.≈.≈≈
≈§≈S§≈≈§§§≈≈≈≈≈≈≈§≈≈≈≈≈≈
≈≈≈≈≈≈§≈§≈≈≈≈§§≈≈≈≈≈≈§§≈
§§§§§≈§≈≈≈≈§§≈≈≈§≈≈≈≈≈§§
§≈§§≈§§§≈≈§.≈≈§§§≈≈≈≈§§§
§§≈≈§b§§.§..§..≈≈§≈≈≈≈§≈
≈.≈.§§...§§.§....§≈≈≈.§.
§......@§§§#............
§.§§.§.#######..........
.§§§.§# ####.##..#.
#.#§#§ ######## # # #


You could see a fire bat and a lava snake (sleeping).

Vanquished Creatures
  Erica (D:10)
  A queen ant (Lair:2)
  4 two-headed ogres
  2 guardian serpents (D:9)
  A gargoyle (D:10)
  4 spiny frogs
  2 komodo dragons
  3 jumping spiders (Lair:2)
  A polar bear (Lair:1)
  4 hippogriffs
  2 redbacks (Lair:2)
  5 yaks (Lair:3)
  A wyvern (Lair:3)
  A basilisk (Lair:2)
  The ghost of Daviar the Shield-Bearer, an amateur FoFi (D:3)
  A hungry ghost (D:10)
  3 soldier ants
  8 water moccasins
  A porcupine (Lair:2)
  2 ice beasts
  4 orc warriors
  2 sky beasts
  3 ogres
  An eye of draining (D:8)
  A phantom (D:5)
  7 wolves
  A centaur (D:10)
  2 crocodiles
  11 bullfrogs
  5 scorpions
  6 killer bees (D:9)
  9 wights
  3 howler monkeys
  A lava snake (Volcano)
  3 crimson imps
  A bullfrog zombie (D:6)
  A quasit (D:7)
  7 hounds
  3 jellies
  5 orc priests
  3 centaur skeletons
  2 iguanas (D:4)
  Terence (D:2)
  8 orc wizards
  28 worker ants
  3 hound skeletons
  10 adders
  4 shadow imps
  2 oozes
  A worm (D:2)
  3 dart slugs
  8 leopard geckos
  33 orcs
  7 giant cockroaches
  6 hobgoblins
  12 jackals
  3 quokkas
  2 ball pythons
  4 bats
  5 frilled lizards
  8 goblins
  A jackal skeleton (D:4)
  4 kobolds
  A leopard gecko zombie (D:5)
  2 quokka skeletons
  7 rats
  A fungus (D:5)
293 creatures vanquished.

Vanquished Creatures (others)
  A dancing weapon (D:9)
  A plant (D:4)
2 creatures vanquished.

Grand Total: 295 creatures vanquished

Notes
Turn   | Place    | Note
-------+----------+-------------------------------------------
     0 | D:1      | wvc the Gnoll Wanderer began the quest for the Orb.
     0 | D:1      | wvc set off with: a +2 quarterstaff, a potion of lignification, a +0 falchion, a +0 robe, a bread ration
     0 | D:1      | Reached XP level 1. HP: 20/20 MP: 1/1
    49 | D:1      | Reached XP level 2. HP: 26/26 MP: 2/2
   578 | D:1      | Reached XP level 3. HP: 31/31 MP: 3/3
   777 | D:2      | Reached skill level 1 in Invocations
  1143 | D:2      | Reached skill level 1 in Short Blades
  1143 | D:2      | Reached skill level 1 in Axes
  1143 | D:2      | Reached skill level 1 in Maces & Flails
  1143 | D:2      | Reached skill level 1 in Polearms
  1143 | D:2      | Reached skill level 1 in Slings
  1143 | D:2      | Reached skill level 1 in Bows
  1143 | D:2      | Reached skill level 1 in Crossbows
  1143 | D:2      | Reached skill level 1 in Armour
  1143 | D:2      | Reached skill level 1 in Stealth
  1143 | D:2      | Reached skill level 1 in Unarmed Combat
  1143 | D:2      | Reached skill level 1 in Spellcasting
  1143 | D:2      | Reached skill level 1 in Evocations
  1175 | D:2      | Reached XP level 4. HP: 38/38 MP: 5/5
  1237 | D:2      | Noticed a bullfrog
  1251 | D:2      | Killed a bullfrog
  1251 | D:2      | Reached skill level 1 in Conjurations
  1251 | D:2      | Reached skill level 1 in Hexes
  1251 | D:2      | Reached skill level 1 in Charms
  1251 | D:2      | Reached skill level 1 in Summonings
  1251 | D:2      | Reached skill level 1 in Necromancy
  1251 | D:2      | Reached skill level 1 in Translocations
  1251 | D:2      | Reached skill level 1 in Transmutations
  1251 | D:2      | Reached skill level 1 in Fire Magic
  1251 | D:2      | Reached skill level 1 in Ice Magic
  1251 | D:2      | Reached skill level 1 in Air Magic
  1251 | D:2      | Reached skill level 1 in Earth Magic
  1251 | D:2      | Reached skill level 1 in Poison Magic
  1251 | D:2      | Reached XP level 5. HP: 43/43 MP: 6/6
  1278 | D:2      | Noticed Terence
  1297 | D:2      | Killed Terence
  1832 | D:3      | Reached XP level 6. HP: 50/50 MP: 8/8
  2154 | D:3      | Noticed Daviar's ghost (amateur FoFi)
  2178 | D:3      | Killed Daviar's ghost
  2178 | D:3      | Reached skill level 5 in Fighting
  2178 | D:3      | Reached skill level 5 in Long Blades
  2178 | D:3      | Reached skill level 5 in Staves
  2178 | D:3      | Reached skill level 5 in Dodging
  2656 | D:4      | Reached XP level 7. HP: 46/56 MP: 10/10
  2671 | D:4      | Noticed Bazinga's ghost (amateur MiFi)
  4759 | D:5      | Entered Level 5 of the Dungeon
  4819 | D:5      | Gained mutation: Your mind is acute. (Int +2) [potion of mutation]
  4819 | D:5      | Gained mutation: You have large cloven feet. [potion of mutation]
  4819 | D:5      | Gained mutation: You have a pair of small horns on your head. [potion of mutation]
  4820 | D:5      | Lost mutation: Your mind is acute. (Int +2) [potion of mutation]
  4820 | D:5      | Lost mutation: You have a pair of small horns on your head. [potion of mutation]
  4820 | D:5      | Gained mutation: Armour fits poorly on your strangely shaped body. [potion of mutation]
  4820 | D:5      | Gained mutation: You have a pair of small horns on your head. [potion of mutation]
  4821 | D:5      | Lost mutation: You have a pair of small horns on your head. [potion of mutation]
  4821 | D:5      | Lost mutation: You have large cloven feet. [potion of mutation]
  4821 | D:5      | Lost mutation: Armour fits poorly on your strangely shaped body. [potion of mutation]
  4821 | D:5      | Gained mutation: You do not regenerate when monsters are visible. [potion of mutation]
  4821 | D:5      | Gained mutation: You are somewhat resistant to further mutation. [potion of mutation]
  4822 | D:5      | Lost mutation: You are somewhat resistant to further mutation. [potion of mutation]
  4822 | D:5      | Lost mutation: You do not regenerate when monsters are visible. [potion of mutation]
  4822 | D:5      | Gained mutation: You are frail. (-10% HP) [potion of mutation]
  4822 | D:5      | Lost mutation: You are frail. (-10% HP) [potion of mutation]
  4822 | D:5      | Gained mutation: You possess an exceptional clarity of mind. [potion of mutation]
  4823 | D:5      | Lost mutation: You possess an exceptional clarity of mind. [potion of mutation]
  4823 | D:5      | Gained mutation: Your muscles are strong. (Str +2) [potion of mutation]
  4823 | D:5      | Gained mutation: You have a pair of small horns on your head. [potion of mutation]
  4823 | D:5      | Gained mutation: Your spells are a little harder to cast, but a little more powerful. [potion of mutation]
  4900 | D:5      | Reached XP level 8. HP: 58/63 MP: 12/12
  5582 | D:6      | Found an iron altar of Okawaru.
  5604 | D:6      | Became a worshipper of Warmaster Okawaru
  5617 | D:6      | Found a staircase to the Ecumenical Temple.
  5811 | D:6      | Reached * piety under Okawaru
  5811 | D:6      | Reached XP level 9. HP: 48/69 MP: 14/14
  6003 | D:6      | Found an opulent altar of Gozag.
  6107 | D:6      | Found a shattered altar of Ashenzari.
  6909 | D:7      | Found a sacrificial altar of Ru.
  7501 | D:7      | Found a stormy altar of Qazlal.
  7660 | D:7      | Found a glowing silver altar of Zin.
  7824 | D:8      | Reached skill level 5 in Throwing
  7824 | D:8      | Reached skill level 5 in Shields
  7881 | D:8      | Reached ** piety under Okawaru
  7958 | D:8      | Noticed a two-headed ogre
  7969 | D:8      | Found a basalt altar of Yredelemnul.
  7990 | D:8      | Killed a two-headed ogre
  7990 | D:8      | Reached *** piety under Okawaru
  7990 | D:8      | Reached skill level 5 in Invocations
  8007 | D:8      | Found a shadowy altar of Dithmenos.
  8010 | D:8      | Found an ornate altar of the Wu Jian Council.
  8011 | D:8      | Found a white marble altar of Elyvilon.
  8013 | D:8      | Found a sparkling altar of Nemelex Xobeh.
  8015 | D:8      | Found a blossoming altar of Fedhas.
  8019 | D:8      | Found a shimmering altar of Xom.
  8258 | D:8      | Noticed a two-headed ogre
  8268 | D:8      | Killed a two-headed ogre
  8268 | D:8      | Reached **** piety under Okawaru
  8268 | D:8      | Received a gift from Okawaru
  8268 | D:8      | Received a gift from Okawaru
  8268 | D:8      | Reached XP level 10. HP: 45/77 MP: 15/17
  8350 | D:8      | Reached skill level 5 in Short Blades
  8350 | D:8      | Reached skill level 5 in Axes
  8350 | D:8      | Reached skill level 5 in Maces & Flails
  8350 | D:8      | Reached skill level 5 in Polearms
  8350 | D:8      | Reached skill level 5 in Slings
  8350 | D:8      | Reached skill level 5 in Bows
  8350 | D:8      | Reached skill level 5 in Crossbows
  8350 | D:8      | Reached skill level 5 in Armour
  8350 | D:8      | Reached skill level 5 in Stealth
  8350 | D:8      | Reached skill level 5 in Unarmed Combat
  8350 | D:8      | Reached skill level 5 in Spellcasting
  8350 | D:8      | Reached skill level 5 in Evocations
  8951 | D:9      | Learned a level 1 spell: Apportation
  8955 | D:9      | Learned a level 3 spell: Tukima's Dance
  8956 | D:9      | Noticed a guardian serpent
  8973 | D:9      | Killed a guardian serpent
  9467 | D:9      | Received a gift from Okawaru
  9765 | D:9      | Noticed a guardian serpent
  9784 | D:9      | Killed a guardian serpent
  9792 | D:9      | Reached ***** piety under Okawaru
  9951 | D:9      | Found a staircase to the Lair.
 10085 | D:9      | Got a scorched ring mail
 10096 | D:9      | Identified the cursed +0 ring mail of Daisies {Int+3 Dex+4} (You found it on level 9 of the Dungeon)
 10202 | D:9      | Received a gift from Okawaru
 10408 | D:10     | Entered Level 10 of the Dungeon
 10431 | D:10     | Noticed a two-headed ogre
 10450 | D:10     | Killed a two-headed ogre
 10450 | D:10     | Received a gift from Okawaru
 10536 | D:10     | Found Powunag's Jewellery Boutique.
 10561 | D:10     | Received a gift from Okawaru
 10611 | D:10     | Noticed a two-headed ogre
 10628 | D:10     | Reached XP level 11. HP: 76/84 MP: 19/19
 10634 | D:10     | Killed a two-headed ogre
 10843 | D:10     | Noticed Erica
 10868 | D:10     | Killed Erica
 11105 | D:10     | Reached skill level 5 in Conjurations
 11105 | D:10     | Reached skill level 5 in Hexes
 11105 | D:10     | Reached skill level 5 in Charms
 11105 | D:10     | Reached skill level 5 in Summonings
 11105 | D:10     | Reached skill level 5 in Necromancy
 11105 | D:10     | Reached skill level 5 in Translocations
 11105 | D:10     | Reached skill level 5 in Transmutations
 11105 | D:10     | Reached skill level 5 in Fire Magic
 11105 | D:10     | Reached skill level 5 in Ice Magic
 11105 | D:10     | Reached skill level 5 in Air Magic
 11105 | D:10     | Reached skill level 5 in Earth Magic
 11105 | D:10     | Reached skill level 5 in Poison Magic
 11474 | Lair:1   | Entered Level 1 of the Lair of Beasts
 12055 | Lair:1   | Learned a level 2 spell: Blink
 12059 | Lair:1   | Learned a level 3 spell: Conjure Flame
 12440 | Lair:1   | Received a gift from Okawaru
 12443 | Lair:1   | Got a steaming large shield {god gift}
 12454 | Lair:1   | Identified the +3 large shield "Bozar" {rElec rC+ Int+3} (Okawaru gifted it to you on level 1 of the Lair of Beasts)
 13137 | Lair:2   | Noticed a queen ant
 13153 | Lair:2   | Killed a queen ant
 13170 | Lair:2   | Reached ****** piety under Okawaru
 13655 | Lair:2   | Found a hole to the Spider Nest.
 13664 | Lair:2   | Reached XP level 12. HP: 42/93 MP: 19/22
 14469 | Lair:3   | Received a gift from Okawaru
 14482 | Lair:3   | Found a dark tunnel.
 14511 | Volcano  | Entered a volcano
 14555 | Volcano  | Engulfed by a cloud of flame

Vault maps used:
D:1:      onia_arrival_handbag
D:2:      uniq_terence
D:3:      first_bread
D:4:      serial_bayou_pond_a
D:5:      minmay_gold_behind_fungi, kennysheep_generic_room_10
D:6:      nicolae_gozag_seed_capital, old_standard_altar,
          minmay_temple_entry_trees, okawaru_metal_pillars_1_2
D:7:      kennysheep_little_box, zin_treasury, kennysheep_mini_moat,
          serial_co_window_serial, co_window_corner_a,
          co_window_of_opportunity_a, co_window_paths_a, co_window_paths_a,
          co_window_of_opportunity_a, co_window_of_opportunity_b,
          co_window_unsneaky_path_c, co_window_corner_b, co_window_paths_c,
          co_window_corner_ca, co_window_4corner_a, co_window_paths_d,
          glass_columns_c, glass_columns_b, glass_columns_a, glass_columns_a,
          st_stairs_8, moated_statue
D:8:      minitemple, grunt_ogre_cave
D:9:      nrook_guardian_serpent_snake_passage, lair_entry_dummy
D:10:     serial_shops, shop, uniq_erica
Lair:1:   serial_bayou_shore_b
Lair:2:   nicolae_spider_entry_tight_spaces, minmay_another_anthill
Lair:3:   nicolae_volcano_entry_lava_flow, minmay_lindwurm_lava,
          lemuel_fruit_fields, lemuel_fruit_fields
Volcano:  volcano_lake

Skill      XL: |  1  2  3  4  5  6  7  8  9 10 11 12 |
---------------+-------------------------------------+-----
Invocations    | 1 2 3 4 5 6 7 |  7.7
Short Blades   | 1 2 3 4 5 6 7 |  7.1
Axes           | 1 2 3 4 5 6 7 |  7.1
Maces & Flails | 1 2 3 4 5 6 7 |  7.1
Polearms       | 1 2 3 4 5 6 7 |  7.1
Slings         | 1 2 3 4 5 6 7 |  7.1
Bows           | 1 2 3 4 5 6 7 |  7.1
Crossbows      | 1 2 3 4 5 6 7 |  7.1
Armour         | 1 2 3 4 5 6 7 |  7.1
Stealth        | 1 2 3 4 5 6 7 |  7.1
Unarmed Combat | 1 2 3 4 5 6 7 |  7.1
Spellcasting   | 1 2 3 4 5 6 7 |  7.1
Evocations     | 1 2 3 4 5 6 7 |  7.1
Conjurations   | 1 2 3 4 5 |  5.9
Hexes          | 1 2 3 4 5 |  5.9
Charms         | 1 2 3 4 5 |  5.9
Summonings     | 1 2 3 4 5 |  5.9
Necromancy     | 1 2 3 4 5 |  5.9
Translocations | 1 2 3 4 5 |  5.9
Transmutations | 1 2 3 4 5 |  5.9
Fire Magic     | 1 2 3 4 5 |  5.9
Ice Magic      | 1 2 3 4 5 |  5.9
Air Magic      | 1 2 3 4 5 |  5.9
Earth Magic    | 1 2 3 4 5 |  5.9
Poison Magic   | 1 2 3 4 5 |  5.9
Throwing       | 3 4 5 6 7 |  7.6
Shields        | 3 4 5 6 7 |  7.6
Fighting       | 5 6 7 8 |  8.5
Long Blades    | 5 6 7 8 |  8.5
Staves         | 5 6 7 8 |  8.5
Dodging        | 5 6 7 8 |  8.5

Action                   |  1- 3 |  4- 6 |  7- 9 | 10-12 || total
-------------------------+-------+-------+-------+-------++-------
Melee: Quarterstaff      |    67 |   106 |   343 |   258 ||   774
       Bite              |     7 |    11 |    55 |   105 ||   178
       Headbutt          |       |       |    64 |   180 ||   244
       Scimitar          |       |       |       |   271 ||   271
Throw: Javelin           |       |       |    19 |    17 ||    36
       Throwing net      |       |       |     1 |     1 ||     2
 Cast: Tukima's Dance    |       |       |       |     1 ||     1
Invok: Heroism           |       |       |     1 |     7 ||     8
Evoke: Wand              |       |       |     2 |       ||     2
  Use: Potion            |     1 |     2 |     6 |     8 ||    17
       Scroll            |       |     6 |    13 |    11 ||    30
 Stab: Sleeping          |     5 |     2 |     4 |    13 ||    24
       Invisible         |       |       |       |     4 ||     4
       Held in net/web   |       |       |       |     2 ||     2
       Distracted        |       |       |       |     2 ||     2
  Eat: Chunk             |     1 |     4 |       |       ||     5
       Bread ration      |       |       |     4 |     5 ||     9
       Royal jelly       |       |       |     1 |       ||     1
Armor: Robe              |     6 |     4 |       |       ||    10
       Skin              |     3 |       |       |     2 ||     5
       Ring mail         |       |    21 |    95 |    60 ||   176
       Scale mail        |       |       |       |    36 ||    36
Dodge: Dodged            |    31 |    82 |   275 |   351 ||   739
Block: Large shield      |       |       |       |   240 ||   240
       Shield            |       |       |       |    51 ||    51
       Rpst.: Scimitar   |       |       |       |    44 ||    44

Table legend:
 A = Spawn XP
 B = Non-spawn XP
 C = Spawn XP percentage of total XP
 D = Spawn monster count
 E = Non-spawn monster count
 F = Spawn count percentage of total count
 G = Total turns spent on level
                    A         B        C        D         E        F      G
               +---------+---------+-------+---------+---------+-------+---------
         Total |       0 |   23141 |   0.0 |       0 |     292 |   0.0 | 14555
               +---------+---------+-------+---------+---------+-------+---------
           D:1 |       0 |      42 |   0.0 |       0 |      22 |   0.0 |   960
           D:2 |       0 |     191 |   0.0 |       0 |      18 |   0.0 |   680
           D:3 |       0 |     343 |   0.0 |       0 |      27 |   0.0 |  1473
           D:4 |       0 |     547 |   0.0 |       0 |      24 |   0.0 |  1646
           D:5 |       0 |     581 |   0.0 |       0 |      15 |   0.0 |   574
           D:6 |       0 |     931 |   0.0 |       0 |      18 |   0.0 |  1217
           D:7 |       0 |     400 |   0.0 |       0 |      13 |   0.0 |  1152
           D:8 |       0 |    2653 |   0.0 |       0 |      28 |   0.0 |   945
           D:9 |       0 |    1930 |   0.0 |       0 |      35 |   0.0 |  1803
          D:10 |       0 |    4826 |   0.0 |       0 |      27 |   0.0 |  1024
        Lair:1 |       0 |    2019 |   0.0 |       0 |      10 |   0.0 |  1447
        Lair:2 |       0 |    7018 |   0.0 |       0 |      45 |   0.0 |  1538
        Lair:3 |       0 |    1609 |   0.0 |       0 |       9 |   0.0 |    52
       Volcano |       0 |      51 |   0.0 |       0 |       1 |   0.0 |    44
               +---------+---------+-------+---------+---------+-------+---------
